 Dungeon Crawl Stone Soup version 0.25-a0-975-gcae8493d64 (webtiles) character file.

Game seed: 13898211858300669149, levelgen mode: deterministic

529 MisterFreud the Slasher (level 7, -1/48 HPs)
             Began as an Octopode Gladiator on May 9, 2020.
             Splashed by a jelly's acid (8 damage)
             ... on level 5 of the Dungeon.
             The game lasted 00:07:14 (5341 turns).

MisterFreud the Slasher (Octopode Gladiator)        Turns: 5341, Time: 00:07:16

Health: -1/48      AC: -23   Str: 16    XL:     7   Next: 23%
Magic:  7/7        EV: 16    Int: 17    God:
Gold:   205        SH:  0    Dex: 14    Spells: 6/6 levels left

rFire    . . .     SeeInvis .   a - +1 long sword
rCold    . . .     Gourm    .   (no shield)
rNeg     . . .     Faith    .   b - +0 hat
rPois    .         Spirit   .   w - amulet of the acrobat
rElec    .         Reflect  .   o - +5 ring of intelligence
rCorr    .         Harm     .   u - +3 ring of strength
MR       .....                  (no ring)
Stlth    ++........             (no ring)
HPRegen  0.16/turn              (no ring)
MPRegen  0.10/turn              (no ring)
                                (no ring)
                                (no ring)

@: corroded
A: almost no armour, stealthy swim, amphibious, 8 rings, constrict 8, camouflage
1, gelatinous body 1
a: no special abilities


You were on level 5 of the Dungeon.
You were not hungry.

You visited 1 branch of the dungeon, and saw 5 of its levels.

You collected 282 gold pieces.
You spent 77 gold pieces at shops.

Inventory:

Hand Weapons
 a - a +1 long sword (weapon)
Missiles
 c - 3 throwing nets (quivered)
 i - 5 boomerangs
 j - 68 stones
 q - 21 arrows
 r - 31 poisoned darts
 x - 17 sling bullets
Armour
 b - a +0 hat (worn)
Jewellery
 o - a +5 ring of intelligence (left tentacle)
 s - a +3 amulet of reflection {unknown}
 u - a +3 ring of strength (right tentacle)
 v - a cursed amulet of inaccuracy {unknown}
 w - an amulet of the acrobat (around mantle)
Scrolls
 f - 2 scrolls of enchant weapon
 m - a scroll of amnesia
Potions
 e - 2 potions of lignification
 g - a potion of berserk rage {unknown}
 h - a potion of ambrosia {unknown}
 k - a potion of might
 n - 2 potions of curing
 p - 3 potions of magic {unknown}
 t - a potion of heal wounds {unknown}
 z - 2 potions of mutation
 A - a potion of flight {unknown}
Comestibles
 d - 9 rations
 l - 2 chunks of flesh


   Skills:
 - Level 4.0 Fighting
 - Level 6.0 Long Blades
 - Level 2.0 Throwing
 + Level 5.0 Dodging


You had 6 spell levels left.
You didn't know any spells.
Your spell library was empty.

Dungeon Overview and Level Annotations

Branches:
Dungeon (5/15)
 Temple: D:4-7

Altars:
Vehumet

Shops:
D:4 *:!


Innate Abilities, Weirdness & Mutations

You cannot wear most types of armour.
You are very stealthy in the water. (Stealth+)
You are amphibious.
You can wear up to eight rings at the same time.
You can use your tentacles to constrict eight enemies at once.
Your skin changes colour to match your surroundings (Stealth+).
Your rubbery body absorbs attacks. (AC +1, EV +1)


Message History

The acid corrodes you!
You are splashed with acid.
* * * LOW HITPOINT WARNING * * *
You hit the jelly but do no damage. The acid corrodes you!
Your tentacles burn!
* * * LOW HITPOINT WARNING * * *
You squeeze the jelly, but do no damage.
The jelly is almost dead.
The jelly closely misses you.
Unknown command.
You feel better. The jelly closely misses you.
You hit the jelly but do no damage.
Your tentacles burn!
* * * LOW HITPOINT WARNING * * *
The jelly is almost dead.
The jelly closely misses you.
You hit the jelly but do no damage.
Your tentacles burn!
* * * LOW HITPOINT WARNING * * *
The jelly is almost dead.
The jelly hits you.
* * * LOW HITPOINT WARNING * * *
You are splashed with acid!
You die...

# ## #>#. .##.#..
## ......## ##.#
###.....## ##.#
...#....###..#
#.......#.#@#
##.#...#.##J#
######.....#<##.#
...........#.##.#
######.#..#.....
#.#..####.#
#.#..# #.# #.#..#
#.# #.#...


You could see a jelly.

Vanquished Creatures
  A scorpion (D:4)
  A hound (D:4)
  A jelly (D:3)
  2 orc priests (D:4)
  3 orc wizards
  An iguana (D:4)
  3 worker ants
  4 gnolls (D:2)
  3 adders
  An adder zombie (D:5)
  3 worms
  4 dart slugs
  A leopard gecko (D:4)
  11 orcs
  6 bats
  4 giant cockroaches
  6 hobgoblins
  8 jackals
  3 quokkas
  3 ball pythons
  7 frilled lizards
  10 goblins
  7 kobolds
  16 rats
109 creatures vanquished.

Notes
Turn   | Place    | Note
-------+----------+-------------------------------------------
     0 | D:1      | MisterFreud the Octopode Gladiator began the quest for the
                  | Orb.
     0 | D:1      | Reached XP level 1. HP: 14/14 MP: 1/1
   222 | D:1      | Reached XP level 2. HP: 19/20 MP: 2/2
   884 | D:1      | Reached XP level 3. HP: 26/26 MP: 3/3
  1604 | D:2      | Reached XP level 4. HP: 25/33 MP: 4/4
  1801 | D:2      | Reached skill level 4 in Long Blades
  2317 | D:2      | Noticed an orc warrior
  2550 | D:2      | Reached XP level 5. HP: 33/37 MP: 5/5
  3077 | D:3      | Reached skill level 5 in Long Blades
  4185 | D:4      | Reached XP level 6. HP: 32/43 MP: 6/6
  4324 | D:4      | Reached skill level 6 in Long Blades
  4331 | D:4      | Found Huarua's Book Boutique.
  4366 | D:4      | Found Peehousk's Distillery.
  4541 | D:4      | Found Zimoo's Assorted Antiques.
  4651 | D:4      | Reached XP level 7. HP: 32/48 MP: 7/7
  4856 | D:4      | Bought a potion of lignification for 33 gold pieces
  4856 | D:4      | Bought a potion of might for 44 gold pieces
  4907 | D:4      | Found a radiant altar of Vehumet.
  5258 | D:5      | Entered Level 5 of the Dungeon
  5261 | D:5      | Reached skill level 5 in Dodging
  5341 | D:5      | Splashed by a jelly's acid

Illustrated notes

Levels and vault maps discovered:
D:1:      eino_arrival_druids_welcome, layout_basic, minmay_indecisive_spiral
D:2:      layout_basic, serial_corexii_hall, corexii_hall_statues_s,
          corexii_hall_statues_l, first_ration
D:3:      layout_rooms, kennysheep_small_spiral
D:4:      layout_cave_pools, kennysheep_little_box, serial_shops, shop, shop,
          shop
D:5:      layout_loops_ring, led_sif_book, serial_shops, shop_statue, shop,
          nicolae_shop_statue_plus, shop, minmay_fountain_box

Skill      XL: |  1  2  3  4  5  6  7 |
---------------+----------------------+-----
Fighting       | 3 4 |  4.0
Long Blades    | 4 5 6 |  6.0
Dodging        | 4 5 |  5.0
Throwing       | |  2.0

Action                   |  1- 3 |  4- 6 |  7- 9 || total
-------------------------+-------+-------+-------++-------
Melee: Long sword        |    52 |   108 |    28 ||   188
       Constrict         |    14 |    35 |     7 ||    56
       Tentacles         |    12 |    26 |     5 ||    43
  Use: Scroll            |       |     7 |     2 ||     9
       Potion            |       |       |     1 ||     1
 Stab: Sleeping          |     6 |     5 |     2 ||    13
  Eat: Chunk             |     2 |    10 |     2 ||    14
Armor: Skin              |     5 |     6 |       ||    11
Dodge: Dodged            |    35 |    83 |    19 ||   137
       Rpst.: Long sword |    11 |    26 |     4 ||    41

Table legend:
 A = Non-vault XP
 B = Vault XP
 C = Vault XP percentage of total XP
 D = Non-vault monster count
 E = Vault monster count
 F = Vault count percentage of total count
                 A         B        C        D         E       F
            +---------+---------+-------+---------+---------+-------
      Total |     750 |       6 |   0.8 |     105 |       4 |   3.7
            +---------+---------+-------+---------+---------+-------
        D:1 |      41 |       6 |  12.8 |      24 |       4 |  14.3
        D:2 |     168 |       0 |   0.0 |      28 |       0 |   0.0
        D:3 |      89 |       0 |   0.0 |      21 |       0 |   0.0
        D:4 |     444 |       0 |   0.0 |      28 |       0 |   0.0
        D:5 |       8 |       0 |   0.0 |       4 |       0 |   0.0
            +---------+---------+-------+---------+---------+-------
